 Dungeon Crawl Stone Soup version 0.31-a0-150-g89dc3ad700 (webtiles) character file.

Game seed: 13480547418914958220

38 lunkers the Cudgeller (level 3, -2/19 (29) HPs)
             Began as a Meteoran Reaver on June 9, 2023.
             Slain by a cerulean imp
             ... wielding a +1 spear
             ... summoned by Natasha
              (4 damage)
             ... on level 2 of the Dungeon.
             The game lasted 00:01:51 (645 turns).

lunkers the Cudgeller (Meteoran Reaver)              Turns: 645, Time: 00:01:51

HP:   -2/19 (29)    AC:  3    Str: 15    XL:     3   Next: 91%
MP:   7/8           EV: 12    Int: 15    God:
Gold: 20            SH:  0    Dex: 12    Spells: 6/7 levels left

rFire   . . .        a - +0 mace
rCold   . . .        (no shield)
rNeg    . . .        b - +0 leather armour
rPois   .            (no helmet)
rElec   .            (no cloak)
rCorr   .            (no gloves)
SInv    .            (no boots)
Will    .....        (no amulet)
Stlth   +            (no ring)
HPRegen 0.23/turn    (no ring)
MPRegen 0.11/turn

%: no passive effects
@: slowed, glowing, very heavily drained, very slow
A: sense surroundings 1, otherworldly, glowing, explore regen
a: no special abilities


You were on level 2 of the Dungeon.
You visited 1 branch of the dungeon, and saw 2 of its levels.

You collected 20 gold pieces.

Inventory:

Hand Weapons
 a - a +0 mace (weapon)
Armour
 b - a +0 leather armour (worn)
Scrolls
 c - a scroll of noise {unknown}
 e - a scroll of identify {unknown}
 f - a scroll of teleportation {unknown}
 i - a scroll of magic mapping {unknown}
Potions
 d - a potion of invisibility {unknown}
 g - a potion of enlightenment {unknown}
 h - a potion of lignification {unknown}
 j - a potion of curing {unknown}


   Skills:
 - Level 2.1 Fighting
 + Level 5.8 Maces & Flails
 - Level 2.4 Dodging
 - Level 2.6 Spellcasting
 - Level 3.6 Conjurations


You had 6 spell levels left.
You knew the following spells:

 Your Spells              Type           Power      Damage    Failure   Level
p - Kiss of Death         Conj/Necr      28%        2d7       12%         1

Your spell library contained the following spells:

 Spells                   Type           Power      Damage    Failure   Level
 Momentum Strike          Conj/Tloc      14%        3d8       19%         2
 Freeze                   Ice            8%         1d3       26%         1
 Hailstorm                Conj/Ice       7%         3d4       36%         3
 Frozen Ramparts          Ice            4%         1d1       58%         3
 Inner Flame              Hex/Fire       2%         N/A       58%         3
 Flame Wave               Conj/Fire      7%         2d5       77%         4
 Sticky Flame             Conj/Fire      7%         2d3       77%         4


Dungeon Overview and Level Annotations

Branches:
Dungeon (2/15) Zot: 544

Altars:

Annotations:
D:2 Natasha


Innate Abilities, Weirdness & Mutations

You passively map a small area around you.
You are easily found by Zot.
You glow in the dark.
You regain HP and MP as you explore.


Message History

The bat barely misses you. Natasha claws you.
You barely miss Natasha. The bat hits you but does no damage.
Natasha barely misses you.
You hit Natasha.
Natasha is moderately wounded.
The bat hits you but does no damage. Natasha claws you.
* * * LOW HITPOINT WARNING * * *
You hit Natasha.
Natasha is moderately wounded.
The bat misses you.
Natasha drinks a potion.
Natasha's spells are empowered!
Unknown command.
You barely miss Natasha.
Natasha is moderately wounded.
The bat hits you but does no damage. x2
Natasha mumbles some strange words.
You hit Natasha.
Natasha is heavily wounded.
The bat barely misses you.
Natasha casts a spell.
Unknown command.
You barely miss Natasha.
Natasha is heavily wounded.
Natasha claws you!
* * * LOW HITPOINT WARNING * * *
The cerulean imp hits you from afar with a +2 spear.
* * * LOW HITPOINT WARNING * * *
The cerulean imp hits you but does no damage.
Casting: Kiss of Death (safe; 12% risk of failure)
Confirm with . or Enter, or press ? or * to list all spells.
Aiming: Kiss of Death (safe; 12% risk of failure)
Press: ? - help, Shift-Dir - straight line, f - bat
Aim: a bat (100% to hit)
The negative energy hits the bat!
The bat is drained!
You kill the bat!
You feel drained. Natasha casts a spell at you.
You feel yourself slow down.
The cerulean imp hits you but does no damage.
The cerulean imp hits you from afar with a +1 spear.
You die...

* , ###### , ** * ###
.....# , , ,..# ######
* * **#.# #.#
################.#
#.#.#.#.#.#.#.#.5#
.#.#.#.#.#.#.#.#.######
###.###.###.###.@h5...#
.#.#.#.#.#.#.#.#.####.#
#.# #.# #.#.#.#..# ,
### ### ########.# #.#
, ** #.# *, * ,* #.# **
* * * *... , * ,*


You could see Natasha (empowered) and 2 cerulean imps.

Vanquished Creatures
  An adder (D:2)
  2 dart slugs
  2 ball pythons (D:2)
  2 giant cockroaches
  4 goblins
  5 hobgoblins
  2 quokkas (D:1)
  3 bats
  A frilled lizard (D:1)
  A rat (D:2)
23 creatures vanquished.

Notes
Turn   | Place    | Note
-------+----------+-------------------------------------------
     0 | D:1      | lunkers the Meteoran Reaver began the quest for the Orb.
     0 | D:1      | Reached XP level 1. HP: 17/17 MP: 5/5
   140 | D:1      | Reached XP level 2. HP: 24/24 MP: 6/6
   359 | D:1      | Reached skill level 5 in Maces & Flails
   408 | D:2      | Found a faded altar of an unknown god.
   420 | D:2      | Reached XP level 3. HP: 15/26 MP: 8/8
   636 | D:2      | Noticed Natasha
   645 | D:2      | Slain by a cerulean imp

Illustrated notes

Levels and vault maps discovered:
D:1:      spicycebolla_arrival_xxxplode, layout_basic
D:2:      layout_loops_ring, shapermc_ecumenical_altar_gd,
          roderic_roman_lattice, minmay_door_square, uniq_natasha

Skill      XL: |  1  2 |
---------------+-------+-----
Maces & Flails | 5 |  5.8
Fighting       | |  2.1
Dodging        | |  2.4
Spellcasting   | |  2.6
Conjurations   | |  3.6

Action                     || total
---------------------------++-------
  Melee: Mace              ||    63
   Cast: Kiss of Death     ||     3
 Armour: Leather armour    ||    23
  Dodge: Dodged            ||    38

Table legend: (Time is in decaauts)
 A = Elapsed time spent in this place.
 B = Non-inter-level travel time spent in this place.
 C = Inter-level travel time spent in this place.
 D = Time resting spent in this place.
 E = Time spent auto-exploring this place.
 F = Levels seen in this place.
 G = Mean time per level.
                   A        B        C        D        E       F      G
               +--------+--------+--------+--------+--------+-----+--------+
         Total |    654 |    618 |     36 |      0 |    447 |   2 |  327.0 |
       Dungeon |    654 |    618 |     36 |      0 |    447 |   2 |  327.0 |
               +--------+--------+--------+--------+--------+-----+--------+

Top non-repeatable levels by time:
     D:1: 413 daAuts
     D:2: 241 daAuts
